AoeStats
← Links5165

Oasis

508501933Analyzed
4v4 RM · 10d ago on Sep 22, 2026· 40m 52s· 8 players
Game mode
Random Map
Map size
Large (8 player)
Population
200
Speed
Normal
Resources
Standard
Victory
Conquest
Starting age
Dark Age
Ending age
Imperial Age
RankedLock teamsTeams togetherTeam positionsShared explorationLock speedFull tech treeHidden civsTurbo modeCheats
Victory
Defeat
🇷🇺 Byzantines · Russia
859
+15
🇦🇷 Goths · Argentina
836
+16
🇦🇷 Aztecs · Argentina
831
+16
🇧🇷 Franks · Brazil
814
+17
🇫🇷 Britons · France
853
-17
🇹🇷 Hindustanis · Türkiye
834
-16
🇺🇸 Vietnamese · United States
828
-16
🇲🇽 Franks · Mexico
814
-39
oxrollin
2:11 Loom
12:43 Feudal Age
14:07 Horse Collar
14:17 Double-Bit Axe
15:52 Wheelbarrow
22:10 Castle Age
23:08 Caravan
23:27 Hand Cart
24:01 Bow Saw
23:57 Heavy Plow
25:19 Fletching
28:53 Bodkin Arrow
28:58 Padded Archer Armor
31:26 Gold Mining
32:04 Ballistics
34:30 Imperial Age
35:35 Paper Money
34:37 Elite Rattan Archer
36:23 Crop Rotation
37:01 Chemistry
37:05 Two-Man Saw
36:27 Scale Barding Armor
36:38 Leather Archer Armor
36:24 Bracer
36:35 Forging
36:59 Crossbowman
37:45 Thumb Ring
37:01 Elite Skirmisher
38:14 Elite Battle Elephant
Mayoneso reaction
8:26 Loom
11:41 Feudal Age
14:45 Double-Bit Axe
19:11 Castle Age
17:15 Town Watch
19:16 Forging
22:10 Bow Saw
22:05 Town Patrol
21:55 Pikeman
23:48 Iron Casting
26:17 Crossbowman
34:23 Wheelbarrow
38:05 Hand Cart
timifisher
7:15 Loom
10:21 Feudal Age
21:10 Castle Age
20:16 Double-Bit Axe
20:25 Gold Mining
20:58 Horse Collar
21:49 Crossbowman
32:55 Imperial Age
31:15 Heavy Plow
31:09 Stone Mining
31:33 Elite Skirmisher
31:34 Crossbowman
33:53 Ballistics
33:29 Murder Holes
34:37 Chemistry
33:35 Cranequins
35:34 Fortified Wall
36:18 Heavy Mounted Crossbowman
36:20 Imperial Skirmisher
37:14 Arbalester
37:26 Heavy Mounted Crossbowman
GOD OF GOTHS
4:53 Loom
11:06 Feudal Age
11:35 Double-Bit Axe
11:33 Horse Collar
14:58 Stone Mining
20:26 Castle Age
18:24 Gold Mining
19:46 Fletching
20:06 Forging
19:56 Scale Mail Armor
20:49 Padded Archer Armor
22:27 Bodkin Arrow
22:57 Bow Saw
23:20 Heavy Plow
24:14 Stone Shaft Mining
24:18 Gold Shaft Mining
26:07 Wheelbarrow
33:31 Imperial Age
34:27 Bracer
34:43 Leather Archer Armor
34:48 Caravan
35:19 Coinage
36:46 Grand Trunk Road
36:50 Town Watch
38:02 Iron Casting
37:43 Chain Mail Armor
36:55 Man-at-Arms
39:01 Scale Barding Armor
39:56 Blast Furnace
Patoassasin
12:28 Feudal Age
13:55 Loom
21:38 Castle Age
20:03 Stone Mining
20:01 Double-Bit Axe
20:00 Horse Collar
25:43 Bow Saw
27:24 Fletching
28:35 Elite Skirmisher
31:33 Wheelbarrow
32:01 Bodkin Arrow
34:27 Hand Cart
35:58 Atlatl
42:13 Imperial Age
39:57 Forging
39:48 Scale Mail Armor
40:31 Gambesons
40:46 Squires
40:32 Arson
40:07 Eagle Warrior
dangoca
0:50 Loom
11:45 Feudal Age
14:36 Double-Bit Axe
20:50 Castle Age
33:49 Imperial Age
31:14 Pikeman
33:09 Gold Mining
33:09 Stone Mining
34:46 Town Watch
35:37 Wheelbarrow
35:01 Cavalier
35:41 Husbandry
38:40 Chemistry
MCGooser
3:45 Loom
11:24 Feudal Age
12:07 Double-Bit Axe
15:07 Horse Collar
21:26 Castle Age
19:28 Gold Mining
20:13 Scale Barding Armor
20:21 Forging
22:13 Heavy Plow
22:28 Bow Saw
23:19 Stone Mining
25:46 Scale Mail Armor
36:50 Imperial Age
37:53 Elite Cataphract
38:00 Elite Varangian Guard
Links5165
0:38 Loom
11:16 Feudal Age
16:13 Castle Age
14:52 Double-Bit Axe
16:15 Gold Mining
18:33 Wheelbarrow
22:46 Horse Collar
25:49 Hand Cart
28:16 Stone Mining
29:59 Stone Shaft Mining
32:21 Imperial Age
30:02 Horse Collar
30:38 Bow Saw
30:31 Scale Mail Armor
30:41 Forging
30:41 Caravan
32:49 Iron Casting
32:16 Anarchy
33:13 Guilds
32:42 Onager
33:58 Chain Mail Armor
34:55 Two-Man Saw
34:37 Squires
34:51 Perfusion
35:14 Conscription
35:59 Blast Furnace
35:05 Heavy Plow
35:12 Elite Huskarl
37:35 Crop Rotation
39:20 Chemistry
Connection lost

Rejoining the realm…

Still unreachable

The connection could not be restored.

Session expired

The server has moved on; the page needs a fresh start.